 Dungeon Crawl Stone Soup version 0.26-a0-540-g8a0c9464d7 (webtiles) character file.

Game seed: 15567947603933801256

49183 HoaS the Brawler (level 14, -13/125 HPs)
             Began as a Ghoul Gladiator on Aug 24, 2020.
             Was the Champion of Makhleb.
             Mangled by a tyrant leech (16 damage)
             ... on level 6 of the Lair of Beasts.
             The game lasted 00:29:18 (13134 turns).

HoaS the Brawler (Ghoul Gladiator)                 Turns: 13134, Time: 00:29:18

Health: -13/125    AC: 24    Str: 20    XL:     14   Next: 49%
Magic:  13/13      EV: 11    Int:  3    God:    Makhleb [******]
Gold:   566        SH:  0    Dex: 13    Spells: 13/13 levels left

rFire    . . .     SeeInvis .     - Unarmed
rCold    + + .     Faith    .   (no shield)
rNeg     + + +     Spirit   .   h - +0 plate armour
rPois    ∞         Reflect  .   E - +1 helmet
rElec    .         Harm     .   J - +1 cloak
rCorr    .                      (no gloves)
MR       +....                  f - +0 pair of boots
Stlth    ..........             B - amulet of regeneration
HPRegen  0.00/turn              d - +4 ring of protection
MPRegen  0.13/turn              b - ring of protection from cold

@: studying Fighting
A: rotting body, claws 1, cold resistance 1, negative energy resistance 3,
inhibited regeneration, torment resistance, unbreathing
a: Minor Destruction, Lesser Servant of Makhleb, Major Destruction, Greater
Servant of Makhleb, Renounce Religion


You were on level 6 of the Lair of Beasts.
You worshipped Makhleb.
Makhleb was exalted by your worship.
You visited 3 branches of the dungeon, and saw 17 of its levels.
You also visited: Ossuary.

You collected 1316 gold pieces.
You spent 750 gold pieces at shops.

Inventory:

Missiles
 c - 5 throwing nets (quivered)
 p - 82 poisoned darts
 u - 7 boomerangs
 z - 2 atropa-tipped darts
 H - 7 curare-tipped darts
Armour
 f - a +0 pair of boots (worn)
 h - a +0 plate armour (worn)
 E - a +1 helmet (worn)
 J - a +1 cloak (worn)
Jewellery
 b - a ring of protection from cold (right claw)
 d - a +4 ring of protection (left claw)
 A - an uncursed ring of flight
 B - an amulet of regeneration (around neck)
 D - an uncursed ring of see invisible
 K - an uncursed ring of protection from cold
Wands
 e - a wand of paralysis (7)
 i - a wand of iceblast (12)
 r - a wand of enslavement (4)
 s - a wand of polymorph (20)
 G - a wand of random effects (23)
 I - a wand of disintegration (13)
Scrolls
 k - 4 scrolls of blinking
 l - 8 scrolls of remove curse
 m - 5 scrolls of fear
 n - 5 scrolls of teleportation
 t - 5 scrolls of enchant armour
 w - a scroll of fog
 y - 3 scrolls of magic mapping
 F - a scroll of identify
Potions
 a - 3 potions of flight
 j - 3 potions of might
 o - 5 potions of curing
 q - a potion of ambrosia
 v - a potion of invisibility
 x - 2 potions of cancellation
 C - a potion of resistance
Books
 L - a manual of Fighting


   Skills:
 + Level 11.9 Fighting
 - Level 1.7 Throwing
 + Level 9.5 Armour
 + Level 10.0 Dodging
 * Level 17.9 Unarmed Combat


You had 13 spell levels left.
You didn't know any spells.
Your spell library contained the following spells:

 Spells                   Type           Power        Failure   Level
 Animate Skeleton         Necr           #.....       100%        1
 Apportation              Tloc           #.....       100%        1
 Corona                   Hex            #......      100%        1
 Magic Dart               Conj           #...         100%        1
 Shock                    Conj/Air       #...         100%        1
 Summon Small Mammal      Summ           #...         100%        1
 Blink                    Tloc           N/A          100%        2
 Call Imp                 Summ           #.......     100%        2
 Searing Ray              Conj           #.....       100%        2
 Slow                     Hex            #.......     100%        2
 Swiftness                Air            #.......     100%        2
 Conjure Flame            Conj/Fire      #.......     100%        3
 Dazzling Flash           Conj/Hex       #.....       100%        3
 Gell's Gravitas          Tloc           #.........   100%        3
 Mephitic Cloud           Conj/Pois/Air  #.......     100%        3
 Portal Projectile        Hex/Tloc       #.....       100%        3
 Static Discharge         Conj/Air       #.......     100%        3
 Airstrike                Air            #.........   100%        4
 Fulminant Prism          Conj/Hex       #.........   100%        4
 Iskenderun's Mystic Bla  Conj/Tloc      #.......     100%        4
 Bolt of Magma            Conj/Fire/Erth #.........   100%        5
 Iskenderun's Battlesphe  Conj           #.......     100%        5
 Lightning Bolt           Conj/Air       #.........   100%        5
 Dispersal                Tloc           #.........   100%        6
 Iron Shot                Conj/Erth      #.........   100%        6
 Orb of Destruction       Conj           #.........   100%        7
 Spellforged Servitor     Conj/Summ      #.........   100%        7
 Controlled Blink         Tloc           N/A          100%        8
 Disjunction              Tloc           #.........   100%        8


Dungeon Overview and Level Annotations

Branches:
Dungeon (10/15)            Temple (1/1) D:4            Lair (6/6) D:8
 Shoals (0/4) Lair:4        Snake (0/4) Lair:2        Slime (0/5) Lair:6
Ossuary (visited)
    Orc: D:9-12

Altars:
Ashenzari
Cheibriados
Dithmenos
Elyvilon
Fedhas
Gozag
Hepliaklqana
Kikubaaqudgha
Makhleb
Nemelex Xobeh
Okawaru
Qazlal
Ru
Sif Muna
Trog
Uskayaw
Vehumet
Wu Jian
Xom
Yredelemnul
Zin
The Shining One

Shops:
D:4 !   D:7 :   D:8 !

Annotations:
D:9 1 runed translucent door, Ekkokoib's ghost, novice MiFi
Lair:5 1 runed translucent door, kobby's ghost, journeyman GnFi
Lair:6 1 runed translucent door


Innate Abilities, Weirdness & Mutations

Your body is rotting away.
You thrive by killing the living.
You are immune to poison.
You have sharp fingernails.
Your flesh is cold resistant. (rC+)
You are immune to negative energy. (rN+++)
You do not regenerate when monsters are visible.
You are immune to unholy pain and torment.
You can survive without breathing.


Message History

You kill the torpor snail!
Makhleb accepts your kill.
You feel better.
You feel yourself speed up. The tyrant leech bites you.
* * * LOW HITPOINT WARNING * * *
The tyrant leech closely misses you. The tyrant leech barely misses you.
You see here a hornet corpse.
You miss the tyrant leech.
The tyrant leech is heavily wounded.
The tyrant leech bites you.
* * * LOW HITPOINT WARNING * * *
Your plate armour prevents you from hitting the tyrant leech.
The tyrant leech is heavily wounded.
The tyrant leech bites you!
* * * LOW HITPOINT WARNING * * *
You scratch the tyrant leech.
The tyrant leech is severely wounded.
The tyrant leech bites you!
You die...

##....###...###...
#.....# #..## ###P
####.## #### ##
###### ##.### ####
##..).## ###..####
#.)....# #.......#
##.....# #.......#
#.w@w# #......##
#.P.## ##P..PP.#
#P.### ####..P###
##...## #.#...##
##...####...##
##...#..P.####
###.......#.#
###.P†...####
#.###(...#.#


You could see 2 tyrant leeches.

Vanquished Creatures
  Fannar (Lair:2)
  Erolcha (D:9)
  14 death yaks
  Sonja (Lair:2)
  A lindwurm (Lair:5)
  An ugly thing (D:10)
  10 elephants
  Psyche (D:9)
  2 black mambas
  8 cane toads
  5 torpor snails
  2 komodo dragons
  A merfolk (Lair:4)
  A polar bear (Lair:6)
  Grinder (D:3)
  17 blink frogs
  Prince Ribbit (Lair:1)
  A tyrant leech (Lair:6)
  5 hornets (Lair:6)
  3 hippogriffs
  7 dream sheep (Lair:4)
  4 wyverns
  22 yaks
  Grum (D:9)
  7 basilisks
  2 nagas (Lair:2)
  12 water moccasins
  An ice beast (D:10)
  14 porcupines
  2 orc warriors
  A sky beast (D:6)
  3 black bears (D:8)
  6 ogres
  4 centaurs
  2 phantoms
  14 wolves
  10 crocodiles
  2 big kobolds
  12 bullfrogs
  3 elf zombies (Ossuary)
  A wyvern zombie (D:9)
  A water moccasin skeleton (D:6)
  2 scorpions
  4 killer bees (D:8)
  9 wights
  An electric eel (Lair:1)
  A howler monkey (D:4)
  2 centaur zombies (Ossuary)
  4 orc priests
  6 hounds
  15 jellies (Lair:6)
  10 orc wizards
  A quasit (D:9)
  3 centaur skeletons
  3 iguanas
  Ijyb (D:5)
  7 worker ants
  A killer bee zombie (D:8)
  2 hound zombies (Ossuary)
  3 hound skeletons
  4 mummies
  4 gnolls (D:8)
  4 adders
  A shadow imp (D:5)
  4 white imps
  2 ufetubi
  2 oozes
  5 adder zombies
  2 adder skeletons
  4 worms
  2 dart slugs (D:1)
  5 leopard geckos
  37 orcs
  3 ball pythons
  5 giant cockroaches
  A gnoll zombie (Ossuary)
  5 goblins
  9 hobgoblins
  20 jackals
  2 quokkas
  6 bats
  6 frilled lizards
  A giant cockroach zombie (D:5)
  A goblin zombie (Ossuary)
  5 hobgoblin zombies (Ossuary)
  5 jackal zombies (Ossuary)
  23 kobolds
  4 kobold zombies (Ossuary)
  A leopard gecko skeleton (D:6)
  2 orc zombies (Ossuary)
  3 quokka zombies (Ossuary)
  9 rats
  2 rat zombies (Ossuary)
  A butterfly (Lair:1)
473 creatures vanquished.

Vanquished Creatures (others)
  4 fungi
  A plant (Lair:6)
  2 withered plants (Lair:5)
7 creatures vanquished.

Grand Total: 480 creatures vanquished

Notes
Turn   | Place    | Note
-------+----------+-------------------------------------------
     0 | D:1      | HoaS the Ghoul Gladiator began the quest for the Orb.
     0 | D:1      | Reached XP level 1. HP: 17/17 MP: 0/0
    15 | D:1      | You fall into a shaft and drop 1 floor!
    79 | D:2      | Reached XP level 2. HP: 24/24 MP: 1/1
    85 | D:2      | Reached skill level 4 in Unarmed Combat
   205 | D:1      | Reached XP level 3. HP: 29/29 MP: 2/2
   712 | D:2      | Reached skill level 5 in Unarmed Combat
   717 | D:2      | Reached XP level 4. HP: 35/36 MP: 3/3
   774 | D:2      | Found an opulent altar of Gozag.
  1164 | D:3      | Noticed Grinder
  1171 | D:3      | Paralysed by Grinder for 4 turns
  1222 | D:3      | Killed Grinder
  1222 | D:3      | Reached skill level 7 in Unarmed Combat
  1222 | D:3      | Reached XP level 5. HP: 31/41 MP: 4/4
  1222 | D:3      | Reached XP level 6. HP: 36/48 MP: 5/5
  1326 | D:3      | Found a hazy altar of Hepliaklqana.
  1879 | D:3      | Found a sparkling altar of Nemelex Xobeh.
  2036 | D:3      | Reached skill level 8 in Unarmed Combat
  2036 | D:3      | Reached XP level 7. HP: 55/55 MP: 6/6
  2057 | D:4      | Found Itrie's Distillery.
  2172 | D:4      | Reached skill level 9 in Unarmed Combat
  2218 | D:4      | Found a shattered altar of Ashenzari.
  2288 | D:4      | Found a staircase to the Ecumenical Temple.
  2300 | Temple   | Entered the Ecumenical Temple
  2444 | Temple   | Became a worshipper of Makhleb the Destroyer
  2713 | D:5      | Entered Level 5 of the Dungeon
  2749 | D:5      | Reached skill level 10 in Unarmed Combat
  2749 | D:5      | Reached XP level 8. HP: 45/61 MP: 7/7
  2846 | D:5      | Noticed Ijyb
  2859 | D:5      | Killed Ijyb
  3008 | D:5      | Reached skill level 11 in Unarmed Combat
  3745 | D:6      | Reached * piety under Makhleb
  4096 | D:6      | Reached skill level 12 in Unarmed Combat
  4107 | D:6      | Reached XP level 9. HP: 68/68 MP: 8/8
  4239 | D:6      | Reached skill level 1 in Armour
  4270 | D:6      | Reached ** piety under Makhleb
  4853 | D:7      | Found a snail-covered altar of Cheibriados.
  5241 | D:7      | Found Irewecaji's Book Shop.
  5663 | D:8      | Found a sand-covered staircase.
  5670 | Ossuary  | Entered an ossuary
  5702 | Ossuary  | Reached *** piety under Makhleb
  5790 | Ossuary  | Reached skill level 13 in Unarmed Combat
  5936 | D:8      | Reached XP level 10. HP: 80/80 MP: 9/9
  5980 | D:8      | Found Sitiry's Distillery.
  6050 | D:8      | Reached **** piety under Makhleb
  6081 | D:8      | Reached skill level 5 in Fighting
  6119 | D:8      | Found a staircase to the Lair.
  6148 | D:8      | Found a shimmering blue altar of Sif Muna.
  6161 | D:8      | Found a sparkling altar of Nemelex Xobeh.
  6306 | D:8      | Reached skill level 5 in Dodging
  6844 | D:9      | Found a runed translucent door.
  6847 | D:9      | Noticed Ekkokoib's ghost (novice MiFi)
  6945 | D:9      | Noticed Grum
  6981 | D:9      | Killed Grum
  6981 | D:9      | Reached skill level 14 in Unarmed Combat
  7032 | D:9      | Found a hide-covered altar of Uskayaw.
  7032 | D:9      | Found a white marble altar of Elyvilon.
  7033 | D:9      | Found an iron altar of Okawaru.
  7074 | D:9      | Noticed Psyche
  7083 | D:9      | Killed Psyche
  7099 | D:9      | Noticed Erolcha
  7099 | D:9      | Paralysed by Erolcha for 4 turns
  7117 | D:9      | Killed Erolcha
  7117 | D:9      | Reached skill level 5 in Armour
  7117 | D:9      | Reached XP level 11. HP: 66/91 MP: 10/10
  7358 | D:10     | Entered Level 10 of the Dungeon
  7554 | D:10     | Noticed a white ugly thing
  7586 | D:10     | Killed a white ugly thing
  7590 | D:10     | Reached ***** piety under Makhleb
  8018 | D:8      | Bought a potion of experience for 750 gold pieces
  8018 | D:8      | Reached skill level 15 in Unarmed Combat
  8018 | D:8      | Reached XP level 12. HP: 103/103 MP: 11/11
  8060 | Lair:1   | Entered Level 1 of the Lair of Beasts
  8313 | Lair:1   | Found a shimmering blue altar of Sif Muna.
  8364 | Lair:1   | Noticed Prince Ribbit
  8376 | Lair:1   | Killed Prince Ribbit
  8786 | Lair:2   | Noticed Fannar
  8826 | Lair:2   | Killed Fannar
  9047 | Lair:2   | Found a staircase to the Snake Pit.
  9365 | Lair:2   | Noticed Sonja
  9370 | Lair:2   | Killed Sonja
  9686 | Lair:3   | Reached skill level 16 in Unarmed Combat
  9711 | Lair:3   | Reached XP level 13. HP: 98/111 MP: 12/12
 10484 | Lair:4   | Reached skill level 10 in Fighting
 11035 | Lair:4   | Found a staircase to the Shoals.
 11453 | Lair:5   | Reached skill level 17 in Unarmed Combat
 11668 | Lair:5   | Found a runed translucent door.
 11719 | Lair:5   | Noticed kobby's ghost (journeyman GnFi)
 11791 | Lair:5   | Reached ****** piety under Makhleb
 11940 | Lair:5   | Reached XP level 14. HP: 122/122 MP: 13/13
 12205 | Lair:5   | Identified a scroll of acquirement
 12205 | Lair:5   | Acquired a manual of Fighting
 12223 | Lair:6   | Entered Level 6 of the Lair of Beasts
 12561 | Lair:6   | Found a staircase to the Slime Pits.
 12994 | Lair:6   | Found a runed translucent door.
 13059 | Lair:6   | Reached skill level 10 in Dodging
 13133 | Lair:6   | HP: 3/125 [tyrant leech (16)]
 13134 | Lair:6   | Mangled by a tyrant leech

Illustrated notes

Levels and vault maps discovered:
D:1:      scummos_arrival_simple_fountains, layout_basic, minmay_heptomino_l4
D:2:      layout_rooms, nicolae_gozag_seed_capital
D:3:      layout_basic, lemuel_doored_altar, nemelex_spade_bored_becter,
          uniq_grinder
D:4:      layout_cave_pools, ashenzari_altar_1, temple_fountains, serial_shops,
          shop
D:5:      layout_basic, uniq_ijyb
D:6:      cheibrodos_thug_alley, layout_basic
D:7:      layout_gridville, cheibrodos_worm_habitat, serial_shops,
          kennysheep_little_box, kennysheep_path_1
D:8:      layout_cave_pods, grunt_temple_overflow_open,
          due_lair_maze_entry_diamond, gup_ossuary_entry_pyramid, serial_shops,
          nicolae_shop_crystal
D:9:      layout_roguey, gammafunk_temple_overflow_claw,
          ebering_ghost_inner_flame, uniq_psyche, uniq_erolcha, uniq_grum
D:10:     layout_small_grid
Temple:   dshaligram_water_room_temple
Lair:1:   layout_misc_corridors, basic_altar, fungi_pond_lemuel,
          lemuel_fruit_fields, uniq_prince_ribbit2
Lair:2:   layout_gridlike, guppyfry_snake_entry_island, minmay_holes,
          serial_bayou_lagoon_a, lemuel_fruit_fields, uniq_sonja, uniq_fannar
Lair:3:   layout_roguey, beast_lair_carwin_10
Lair:4:   layout_loops_ring, elwin_shoals_entry_rooms,
          kennysheep_basilisk_garden
Lair:5:   layout_small_grid, gammafunk_ghost_grave,
          nicolae_lair_grove_arrangements, grunt_megastairs_2
Lair:6:   wormcave, layout_gridlike, minmay_slime_entry_jelly_boxes

Skill      XL: |  1  2  3  4  5  6  7  8  9 10 11 12 13 14 |
---------------+-------------------------------------------+-----
Unarmed Combat | 4 5 7 8 10 12 13 14 15 16 17 | 17.9
Armour         | 3 5 6 7 9 |  9.5
Dodging        | 4 5 7 8 9 10 | 10.0
Fighting       | 4 6 8 9 10 11 | 11.9
Throwing       | |  1.7

Action                   |  1- 3 |  4- 6 |  7- 9 | 10-12 | 13-15 || total
-------------------------+-------+-------+-------+-------+-------++-------
Melee: Unarmed           |    80 |   115 |   521 |   497 |   604 ||  1817
       Punch             |     1 |       |    17 |    21 |    43 ||    82
Throw: Throwing net      |       |     3 |       |       |       ||     3
Evoke: Wand              |       |       |       |     5 |       ||     5
  Use: Scroll            |     2 |     6 |     7 |     8 |     5 ||    28
       Potion            |       |       |       |     4 |     1 ||     5
Armor: Leather armour    |    14 |       |       |       |       ||    14
       Plate armour      |    24 |    63 |   364 |   280 |   297 ||  1028
Dodge: Dodged            |    38 |    33 |   177 |   187 |   219 ||   654

Table legend: (Time is in decaauts)
 A = Elapsed time spent in this place.
 B = Non-inter-level travel time spent in this place.
 C = Inter-level travel time spent in this place.
 D = Time resting spent in this place.
 E = Time spent auto-exploring this place.
 F = Levels seen in this place.
 G = Mean time per level.
                   A        B        C        D        E       F      G
               +--------+--------+--------+--------+--------+-----+--------+
         Total |  12705 |  12331 |    374 |    538 |   8778 |  18 |  705.8 |
       Dungeon |   7489 |   7234 |    255 |    383 |   5201 |  10 |  748.9 |
        Temple |    157 |    157 |      0 |      0 |    109 |   1 |  157.0 |
          Lair |   4822 |   4703 |    119 |    155 |   3344 |   6 |  803.7 |
       Ossuary |    235 |    235 |      0 |      0 |    124 |   1 |  235.0 |
               +--------+--------+--------+--------+--------+-----+--------+

Top non-repeatable levels by time:
     D:6: 1136 daAuts
  Lair:4: 1018 daAuts
     D:8: 931 daAuts
     D:5: 901 daAuts
     D:3: 880 daAuts
  Lair:6: 866 daAuts
  Lair:5: 776 daAuts
  Lair:2: 766 daAuts
  Lair:3: 761 daAuts
     D:7: 752 daAuts
     D:9: 645 daAuts
  Lair:1: 632 daAuts
     D:1: 618 daAuts
    D:10: 600 daAuts
     D:2: 517 daAuts
